 Dungeon Crawl Stone Soup version 0.21.1 (webtiles) character file.

37 Stimme the Insei (level 3, -6/34 HPs)
             Began as an Octopode Transmuter on Feb 3, 2018.
             Mangled by Natasha (10 damage)
             ... on level 2 of the Dungeon.
             The game lasted 00:04:29 (1273 turns).

Stimme the Insei (Octopode Transmuter)              Turns: 1273, Time: 00:04:30

Health: -6/34      AC:  1    Str: 14    XL:     3   Next: 41%
Magic:  6/6        EV: 13    Int: 15    God:
Gold:   27         SH:  0    Dex: 13    Spells: 5/6 levels left

rFire    . . .     SeeInvis .     - Unarmed
rCold    . . .     Gourm    .   (no shield)
rNeg     . . .     Faith    .   (helmet restricted)
rPois    .         Spirit   .   (no amulet)
rElec    .         Reflect  .   (no ring)
rCorr    .         Harm     .   (no ring)
MR       .....                  (no ring)
Stlth    ..........             (no ring)
HPRegen  0.11/turn              (no ring)
MPRegen  0.10/turn              (no ring)
                                (no ring)
                                (no ring)

@: berserking (expiring), drained, very quick
A: almost no armour, stealthy swim, amphibious, 8 rings, constrict 8, camouflage
1, gelatinous body 1
a: no special abilities


You were on level 2 of the Dungeon.
You were very hungry.

You visited 1 branch of the dungeon, and saw 2 of its levels.

You collected 27 gold pieces.

Inventory:

Missiles
 a - 12 arrows
Scrolls
 d - 2 scrolls of identify {unknown}
 e - a scroll of fear {unknown}
 i - 2 scrolls of blinking {unknown}
 j - a scroll of teleportation {unknown}
Potions
 f - a potion of lignification {unknown}
 g - a potion of berserk rage
 h - 2 potions of curing {unknown}
Books
 b - a book of Changes

   Spells                             Type                      Level
   a - Beastly Appendage              Transmutation                1
   b - Sticks to Snakes               Transmutation                2
   c - Spider Form                    Transmutation/Poison         3
   d - Ice Form                       Ice/Transmutation            4
   e - Blade Hands                    Transmutation                5
Comestibles
 c - 3 rations


   Skills:
 + Level 1.5(1.4) Fighting
 + Level 2.4(2.2) Dodging
 * Level 3.2(3.1) Unarmed Combat
 + Level 2.3(2.2) Spellcasting
 + Level 2.4(2.2) Transmutations


You had 5 spell levels left.
You knew the following spells:

 Your Spells              Type           Power        Failure   Level  Hunger
a - Beastly Appendage     Tmut           #.....       9%          1    #......


Dungeon Overview and Level Annotations

Branches:
Dungeon (2/15)

Altars:

Annotations:
D:2 Natasha


Innate Abilities, Weirdness & Mutations

You cannot wear most types of armour.
You are very stealthy in the water. (Stealth+)
You are amphibious.
You can wear up to eight rings at the same time.
You can use your tentacles to constrict eight enemies at once.
Your skin changes colour to match your surroundings (Stealth+).
Your rubbery body absorbs attacks. (AC +1, EV +1)


Message History

The hobgoblin hits you with a club.
Natasha extends her claws.
It was a potion of berserk rage.
A red film seems to cover your vision as you go berserk!
You feel yourself moving faster!
You feel mighty!
You constrict the hobgoblin.
You kill the hobgoblin!
You feel a strong urge to attack something.
The shadow imp gestures at you. Pain shoots through your body!
* * * LOW HITPOINT WARNING * * *
You see here a club.
You tentacle-slap the shadow imp. Your grab misses the shadow imp.
The shadow imp is heavily wounded.
The shadow imp shouts, "Scamper home, thou bawdy knotty-pated canker-blossom!"
You tentacle-slap the shadow imp. You grab the shadow imp.
You kill the shadow imp!
Natasha casts a spell at you. You resist with significant effort.
Natasha claws you!
You die...

#[.# #..# #.# ###
#.# #.# #.. #.#
#.# #.# #.# #.#
#.# #5# #.#
#.####h# #.#
#.....@# #.#
#.####.# #.# #.#
#)# #.#######.#
#.# #.#
#....<...)#
#.####.#
#..########
#.##...###†.###..
#........[........
#............##...
####.#######.# #


You could see Natasha and a shadow imp.

Vanquished Creatures
  3 dart slugs (D:1)
  A leopard gecko (D:1)
  2 bats (D:1)
  2 giant cockroaches (D:1)
  5 goblins (D:1)
  3 hobgoblins
  2 frilled lizards (D:1)
  6 kobolds
  5 rats (D:1)
29 creatures vanquished.

Notes
Turn   | Place    | Note
-------+----------+-------------------------------------------
     0 | D:1      | Stimme the Octopode Transmuter began the quest for the Orb.
     0 | D:1      | Reached XP level 1. HP: 13/13 MP: 3/3
   169 | D:1      | Reached XP level 2. HP: 14/18 MP: 5/5
   558 | D:1      | Reached XP level 3. HP: 16/23 MP: 6/6
  1257 | D:2      | Noticed Natasha
  1273 | D:2      | Mangled by Natasha

Action                   || total
-------------------------++-------
Melee: Unarmed           ||    63
       Constrict         ||    23
       Tentacles         ||    10
  Use: Potion            ||     1
 Stab: Sleeping          ||     5
Armor: Skin              ||     3
Dodge: Dodged            ||    33
